 Dungeon Crawl Stone Soup version 0.24-a0-501-gc560d0b (webtiles) character file.

Game seed: 2509951196312008487

129 southernslant the Vandal (level 5, -5/36 HPs)
             Began as a Halfling Hunter on July 15, 2019.
             Killed from afar by an orc wizard (9 damage)
             ... with a magic dart
             ... on level 3 of the Dungeon.
             The game lasted 00:07:58 (1940 turns).

southernslant the Vandal (Halfling Hunter)          Turns: 1940, Time: 00:07:59

Health: -5/36      AC:  3    Str: 14    XL:     5   Next: 35%
Magic:  5/5        EV: 16    Int:  9    God:
Gold:   205        SH:  0    Dex: 15    Spells: 4/4 levels left

rFire    . . .     SeeInvis .   a - +1 hunting sling
rCold    . . .     Gourm    .   (shield restricted)
rNeg     . . .     Faith    .   c - +0 leather armour
rPois    .         Spirit   .   (no helmet)
rElec    .         Reflect  .   (no cloak)
rCorr    .         Harm     .   (no gloves)
MR       .....                  (no boots)
Stlth    ++........             (no amulet)
HPRegen  0.12/turn              (no ring)
MPRegen  0.09/turn              (no ring)

@: very slightly contaminated, invisible
A: small, mutation resistance 1
a: no special abilities


You were on level 3 of the Dungeon.
You were not hungry.

You visited 1 branch of the dungeon, and saw 3 of its levels.

You collected 205 gold pieces.

Inventory:

Hand Weapons
 a - a +1 hunting sling (weapon)
 b - a +0 short sword
 o - a +0 dagger
Missiles
 e - 9 boomerangs
 g - 41 poisoned darts
 i - 34 stones (quivered)
Armour
 c - a +0 leather armour (worn)
 p - a +0 scale mail
 x - a +0 ring mail
Jewellery
 s - an uncursed ring of see invisible {unknown}
Wands
 y - a wand of iceblast (3)
Scrolls
 h - 2 scrolls of teleportation {unknown}
 k - 2 scrolls of blinking {unknown}
 n - a scroll of enchant armour {unknown}
 q - 2 scrolls of enchant weapon {unknown}
 v - a scroll of remove curse {unknown}
 w - a scroll of fear {unknown}
Potions
 j - a potion of brilliance {unknown}
 l - a potion of degeneration {unknown}
 m - 2 potions of invisibility
 r - 2 potions of haste {unknown}
 t - a potion of curing {unknown}
 z - a potion of heal wounds {unknown}
 A - a potion of agility {unknown}
Comestibles
 f - 7 rations
 u - 4 chunks of flesh


   Skills:
 * Level 3.0 Fighting
 + Level 0.0 Short Blades
 - Level 6.0(6.4) Slings
 * Level 2.3(3.5) Throwing
 * Level 3.6 Dodging
 - Level 1.1 Stealth


You had 4 spell levels left.
You didn't know any spells.
Your spell library was empty.

Dungeon Overview and Level Annotations

Branches:
Dungeon (3/15)

Altars:
Sif Muna
Vehumet


Innate Abilities, Weirdness & Mutations

You are small and have problems with some larger weapons.
You are somewhat resistant to further mutation.


Message History

A magic dart appears from out of thin air!
The magic dart hits you.
* * * LOW HITPOINT WARNING * * *
Firing (i - inventory. (/) - cycle)
i - 34 stones (quivered)
Press: ? - help, Shift-Dir - straight line, p - orc
Okay, then.
Firing (i - inventory. (/) - cycle)
i - 34 stones (quivered)
Press: ? - help, Shift-Dir - straight line, f/p - orc
Aim: an orc, wielding a +0 flail and wearing a +0 ring mail (heavily wounded)
Okay, then.
Wield which item (- for none, * to show all)? (? for menu, Esc to quit)
Okay, then.
You fade into invisibility!
Something closely misses you.
You are very lightly contaminated with residual magic.
You closely miss something.
You hear some strange, mumbled words.
A magic dart appears from out of thin air!
The magic dart hits you!
You die...

####.####.....####...........รท..#
#.# ##...## ################ #.#
####.## #.# #...... #.# #.##.###
#.###.##.#### #...........#####.##
##..#.##...........#
#..#.#######@###..# #..#.# #(# #
...#.# #o...oo.. ##.##.. .>.....#.
..#### #######... ### ..


You could see an orc.

Vanquished Creatures
  An orc priest (D:3)
  An orc wizard (D:3)
  An adder (D:2)
  2 dart slugs
  6 orcs (D:3)
  2 giant cockroaches
  5 goblins
  5 hobgoblins
  2 quokkas
  2 ball pythons
  7 bats
  6 frilled lizards
  7 kobolds
  8 rats
55 creatures vanquished.

Notes
Turn   | Place    | Note
-------+----------+-------------------------------------------
     0 | D:1      | southernslant the Halfling Hunter began the quest for the
                  | Orb.
     0 | D:1      | Reached XP level 1. HP: 14/14 MP: 1/1
    97 | D:1      | Reached XP level 2. HP: 19/19 MP: 2/2
   240 | D:1      | Reached skill level 1 in Throwing
   513 | D:1      | Reached skill level 6 in Slings
   756 | D:2      | Found a radiant altar of Vehumet.
   780 | D:2      | Reached XP level 3. HP: 24/24 MP: 3/3
  1168 | D:2      | Reached XP level 4. HP: 30/30 MP: 4/4
  1304 | D:2      | Found a deep blue altar of Sif Muna.
  1839 | D:3      | Reached XP level 5. HP: 36/36 MP: 5/5
  1940 | D:3      | Killed from afar by an orc wizard

Levels and vault maps discovered:
D:1:      dpeg_arrival_pits, layout_basic, st_stairs_14
D:2:      layout_basic, lemuel_round_altar, vehumet_crystals
D:3:      layout_loops_ring, chequers_serial_rivers_room_a

Skill      XL: |  1  2  3  4  5 |
---------------+----------------+-----
Fighting       | 2 3 |  3.0
Throwing       | 1 2 |  2.3
Slings         | 6 |  6.0
Dodging        | 3 |  3.6
Stealth        | |  1.1

Action                   |  1- 3 |  4- 6 || total
-------------------------+-------+-------++-------
Melee: Short sword       |     2 |     8 ||    10
       Hunting sling     |       |     1 ||     1
 Fire: Hunting sling     |    88 |    55 ||   143
Throw: Boomerang         |     3 |       ||     3
  Use: Potion            |       |     1 ||     1
  Eat: Chunk             |     1 |     2 ||     3
Armor: Leather armour    |     7 |     5 ||    12
Dodge: Dodged            |    18 |     8 ||    26

Table legend:
 A = Non-vault XP
 B = Vault XP
 C = Vault XP percentage of total XP
 D = Non-vault monster count
 E = Vault monster count
 F = Vault count percentage of total count
                 A         B        C        D         E       F
            +---------+---------+-------+---------+---------+-------
      Total |     184 |       1 |   0.5 |      54 |       1 |   1.8
            +---------+---------+-------+---------+---------+-------
        D:1 |      25 |       1 |   3.8 |      17 |       1 |   5.6
        D:2 |      48 |       0 |   0.0 |      21 |       0 |   0.0
        D:3 |     111 |       0 |   0.0 |      16 |       0 |   0.0
            +---------+---------+-------+---------+---------+-------
